 Dungeon Crawl Stone Soup version 0.31-a0-664-g902f515a81 (webtiles) character file.

Game seed: 3715170089401235796

3836 Jaakounette the Slicer (level 9, -3/48 HPs)
             Began as a Spriggan Brigand on Sept 2, 2023.
             Was a Follower of Dithmenos.
             Killed from afar by an electric eel (7 damage)
             ... with a bolt of electricity
             ... on level 8 of the Dungeon.
             The game lasted 00:15:52 (9131 turns).

Jaakounette the Slicer (Spriggan Brigand)           Turns: 9131, Time: 00:15:52

Health: -3/48      AC: 11    Str:  7    XL:     9   Next: 98%
Magic:  10/10      EV: 25    Int: 12    God:    Dithmenos [*.....]
Gold:   352        SH:  0    Dex: 21    Spells: 8/8 levels left

rFire   + . .        p - +0 rapier
rCold   + + +        (no shield)
rNeg    . . .        G - +4 skin of Zhor {*Englaciate rC+++ SInv}
rPois   .            (helmet restricted)
rElec   .            c - +0 cloak
rCorr   .            (gloves unavailable)
SInv    +            (boots unavailable)
Will    +....        (no amulet)
Stlth   ++++         f - +4 ring of protection
HPRegen 0.28/turn    r - ring of protection from fire
MPRegen 0.12/turn

%: no passive effects
@: wreathed by umbra, very quick
A: very small, no large weapons, unfitting armour, see invisible, speed 3
a: Renounce Religion


You were on level 8 of the Dungeon.
You worshipped Dithmenos.
Dithmenos was aware of your devotion.
You visited 2 branches of the dungeon, and saw 9 of its levels.

You collected 482 gold pieces.
You spent 130 gold pieces at shops.

Inventory:

Hand Weapons
 a - a +2 dagger
 p - a +0 rapier (weapon)
 w - a +2 dagger of venom
Missiles
 d - 36 poisoned darts (quivered)
 e - 4 curare-tipped darts
Armour
 b - a +0 robe
 c - a +0 cloak (worn)
 y - a +2 robe of resistance
 G - the +4 skin of Zhor (worn) {*Englaciate rC+++ SInv}
   (You found it on level 7 of the Dungeon)

   *Englaciate: It radiates cold, occasionally slowing all nearby creatures who
   are not resistant to cold.
   rC+++:     It renders you almost immune to cold.
   SInv:      It lets you see invisible.
Jewellery
 f - a +4 ring of protection (left hand)
 i - a ring of fire
 r - a ring of protection from fire (right hand)
Scrolls
 g - a scroll of poison
 k - 4 scrolls of teleportation
 m - a scroll of fog
 n - a scroll of vulnerability
 q - 2 scrolls of blinking
 B - a scroll of immolation {unknown}
 D - a scroll of silence {unknown}
 E - a scroll of enchant armour {unknown}
 F - a scroll of identify
Potions
 h - 2 potions of resistance {unknown}
 j - a potion of attraction
 l - 2 potions of might {unknown}
 o - a potion of mutation {unknown}
 s - 2 potions of degeneration {unknown}
 t - 2 potions of lignification {unknown}
 u - a potion of heal wounds {unknown}
 v - a potion of curing
 x - a potion of enlightenment {unknown}
 z - a potion of invisibility {unknown}
 A - a potion of magic {unknown}
 C - 2 potions of haste {unknown}


   Skills:
 * Level 5.6 Fighting
 + Level 11.5 Short Blades
 + Level 2.0 Throwing
 + Level 9.8 Dodging
 - Level 5.8 Stealth


You had 8 spell levels left.
You didn't know any spells.
Your spell library contained the following spells:

 Spells                   Type           Power      Damage    Failure   Level
 Freeze                   Ice            0%         1d3       32%         1
 Sublimation of Blood     Necr           0%         N/A       45%         2
 Wereblood                Tmut           0%         N/A       45%         2
 Frozen Ramparts          Ice            0%         1d1       69%         3
 Hailstorm                Conj/Ice       0%         3d3       69%         3
 Ozocubu's Armour         Ice            0%         N/A       69%         3
 Manifold Assault         Tloc           0%         N/A       97%         4
 Petrify                  Tmut/Erth      0%         N/A       97%         4
 Irradiate                Conj/Tmut      0%         3d11      100%        5
 Metabolic Englaciation   Hex/Ice        0%         N/A       100%        5
 Dispersal                Tloc           0%         N/A       100%        6
 Simulacrum               Ice/Necr       0%         N/A       100%        6
 Disjunction              Tloc           0%         N/A       100%        8
 Chain Lightning          Conj/Air       0%         N/A       100%        9
 Fire Storm               Conj/Fire      0%         5d1       100%        9
 Shatter                  Erth           0%         3d5*      100%        9


Dungeon Overview and Level Annotations

Branches:
Dungeon (8/15)             Temple (1/1) D:6            Lair (0/5) D:8

Altars:
Ashenzari
Cheibriados
Dithmenos
Elyvilon
Gozag
Hepliaklqana
Kikubaaqudgha
Nemelex Xobeh
Okawaru
Qazlal
Sif Muna
Trog
Uskayaw
Vehumet
Wu Jian
Xom
Yredelemnul
Zin
The Shining One

Shops:
D:4 *   D:7 *

Annotations:
D:3 1 runed translucent door, nj0rd12's ghost, amateur DsVM
D:8 3 runed translucent doors, DocSulfur's ghost, novice GrBe


Innate Abilities, Weirdness & Mutations

You are very small and have problems with some larger weapons.
You are too small for most types of armour.
You have supernaturally acute eyesight. (SInv)
You cover ground extremely quickly. (Speed+++)


Message History

The electric eel completely resists.
You puncture the electric eel!
You kill the electric eel!
Dithmenos accepts your kill.
You hit the electric eel.
The electric eel is lightly wounded.
You barely miss the electric eel.
The electric eel is lightly wounded.
You hit the electric eel.
The electric eel is heavily wounded.
The electric eel shoots out a bolt of lightning at you!
The bolt of electricity hits you! x2
* * * LOW HITPOINT WARNING * * *
The bolt of electricity hits the electric eel.
The electric eel completely resists.
You miss the electric eel.
The electric eel is heavily wounded.
You hit the electric eel but do no damage.
The electric eel is heavily wounded.
You hit the electric eel.
The electric eel is heavily wounded.
You barely miss the electric eel.
The electric eel is heavily wounded.
You closely miss the electric eel.
The electric eel is heavily wounded.
You puncture the electric eel!
You kill the electric eel!
Dithmenos accepts your kill.
You hear a splash.
You feel better.
The electric eel shoots out a bolt of lightning at you!
The bolt of electricity hits you!
* * * LOW HITPOINT WARNING * * *
The bolt of electricity hits you!
* * * LOW HITPOINT WARNING * * *
The bolt of electricity hits the electric eel.
The electric eel completely resists.
The electric eel shoots out a bolt of lightning at you!
The bolt of electricity hits you!
You die...

≈≈≈≈≈≈≈≈~~~♣# #...#.#....#
≈≈≈≈≈≈≈≈≈P♣♣ #...#.#....#
S~≈≈≈≈≈≈~♣♣# #####......#
~≈S≈≈≈≈~~~~# ##.....#
≈≈≈≈≈≈~~~P~# #.....# ♣~≈≈~
~~~~.# ##....# ~~≈~~~~~♣P.#
#..### ~ ~~~~♣~♣♣.#######
##.#
♣P~~♣~SS♣♣@......######.###
~~~P~PP~♣.###........##....
~~~~~~~♣S.# #........##.###
♣~~~~♣~♣~.# #..............
~~~~ ~♣...# #..............
.♣~ P♣....# #........######
# ♣~###### ##...##..#.....
# #.####..#..... #.#
#..+Wy...


You could see an electric eel.

Vanquished Creatures
  3 rime drakes (D:7)
  A steam dragon (D:7)
  A water moccasin (D:5)
  An orc warrior (D:5)
  2 sky beasts
  An ice beast (D:6)
  4 ogres
  A black bear (D:7)
  2 centaurs
  2 phantoms
  2 kobold brigands
  A bullfrog (D:8)
  2 scorpions (D:5)
  3 wights (D:7)
  4 killer bees (D:7)
  2 howler monkeys (D:7)
  5 electric eels
  3 hounds
  2 gnoll boudas
  4 jellies
  An orc priest (D:7)
  2 iguanas (D:5)
  A sleepcap (D:7)
  5 orc wizards
  8 adders
  7 gnolls
  2 white imps
  2 worms
  2 dart slugs (D:1)
  26 orcs
  5 ball pythons
  6 endoplasms
  4 giant cockroaches
  9 goblins
  14 hobgoblins
  4 jackals
  3 quokkas
  4 bats
  6 frilled lizards
  18 kobolds
  4 rats
179 creatures vanquished.

Vanquished Creatures (others)
  A ball python (D:1)
1 creature vanquished.

Grand Total: 180 creatures vanquished

Notes
Turn   | Place    | Note
-------+----------+-------------------------------------------
     0 | D:1      | Jaakounette the Spriggan Brigand began the quest for the
                  | Orb.
     0 | D:1      | Reached XP level 1. HP: 10/10 MP: 2/2
    96 | D:1      | Reached XP level 2. HP: 15/15 MP: 3/3
   498 | D:1      | Reached XP level 3. HP: 14/18 MP: 4/4
   570 | D:1      | Reached skill level 3 in Short Blades
  1088 | D:2      | Reached XP level 4. HP: 23/23 MP: 5/5
  1875 | D:3      | Reached skill level 4 in Short Blades
  2000 | D:3      | Noticed nj0rd12's ghost (amateur DsVM)
  2009 | D:3      | Found a runed translucent door.
  2437 | D:4      | Reached XP level 5. HP: 22/27 MP: 6/6
  2633 | D:4      | Found Vyut's Assorted Antiques.
  2639 | D:4      | Bought a runed dagger for 130 gold pieces
  2751 | D:4      | Noticed a phantom
  2755 | D:4      | Killed a phantom
  2756 | D:4      | Reached skill level 5 in Short Blades
  2756 | D:4      | Reached XP level 6. HP: 32/32 MP: 7/7
  2988 | D:5      | Entered Level 5 of the Dungeon
  3037 | D:5      | Noticed an orc warrior
  3399 | D:5      | Reached skill level 6 in Short Blades
  3622 | D:5      | Reached XP level 7. HP: 12/36 MP: 8/8
  3901 | D:5      | Reached skill level 7 in Short Blades
  4048 | D:5      | Reached skill level 5 in Dodging
  4358 | D:5      | Reached skill level 8 in Short Blades
  4541 | D:6      | Reached XP level 8. HP: 40/41 MP: 9/9
  4639 | D:6      | HP: 2/42 [poisoned by a water moccasin]
  5869 | D:6      | Found a staircase to the Ecumenical Temple.
  5885 | Temple   | Entered the Ecumenical Temple
  5892 | Temple   | Became a worshipper of Dithmenos the Shadowed
  5919 | D:6      | Reached skill level 9 in Short Blades
  6162 | D:7      | Found an ornate altar of the Wu Jian Council.
  6162 | D:7      | Found an iron altar of Okawaru.
  6274 | D:7      | Reached XP level 9. HP: 19/46 MP: 10/10
  6416 | D:7      | Noticed a rime drake
  6437 | D:7      | Reached skill level 10 in Short Blades
  6489 | D:7      | Noticed a rime drake
  6489 | D:7      | Noticed a rime drake
  7162 | D:7      | Found a broken altar of Ashenzari.
  7193 | D:7      | Found an ancient bone altar of Kikubaaqudgha.
  7373 | D:7      | Killed a rime drake
  7519 | D:7      | Killed a rime drake
  7662 | D:7      | Reached skill level 5 in Fighting
  7683 | D:7      | Reached * piety under Dithmenos
  7693 | D:7      | Reached skill level 11 in Short Blades
  7773 | D:7      | Killed a rime drake
  7897 | D:7      | Found the +4 skin of Zhor {*Englaciate rC+++ SInv}
  8133 | D:7      | Found Peofo's Mass Market.
  8469 | D:8      | Found a staircase to the Lair.
  8671 | D:8      | HP: 1/48 [electric eel/bolt of electricity (6)]
  9086 | D:8      | Noticed DocSulfur's ghost (novice GrBe)
  9091 | D:8      | Found a runed translucent gate.
  9091 | D:8      | Found a runed translucent gate.
  9091 | D:8      | Found a runed translucent gate.
  9131 | D:8      | Killed from afar by an electric eel

Illustrated notes

Levels and vault maps discovered:
D:1:      spicycebolla_arrival_xxxplode, layout_loops_ring
D:2:      layout_rooms, hangedman_abyss_or_decor_lesser_grid,
          nicolae_figureground_pulse
D:3:      corexii_shack_village, layout_basic, hellmonk_ghost_happy_afterlife
D:4:      layout_loops_ring, serial_shops, shop, minmay_misc_feat_chi,
          minivault_25
D:5:      layout_rooms
D:6:      layout_rooms, minmay_temple_entry_offerings, corexii_corridor_pit,
          chequers_serial_rivers_room_b, feat_on_display
D:7:      layout_loops_ring, nicolae_overflow_squiral,
          nicolae_overflow_two_pavilions, minmay_shop_mass,
          hellmonk_guarded_unrand_zhor
D:8:      layout_basic, lair_entry_dummy, gammafunk_ghost_split, st_stairs_9,
          serial_bayou_lake_a, uniq_pikel
Temple:   nicolae_temple_superstar

Skill      XL: |  1  2  3  4  5  6  7  8  9 |
---------------+----------------------------+-----
Dodging        | 2 3 4 5 7 9 |  9.8
Fighting       | 2 3 4 5 |  5.6
Short Blades   | 3 4 5 6 8 9 11 | 11.5
Throwing       | |  2.0
Stealth        | |  5.8

Action                     |  1- 3 |  4- 6 |  7- 9 || total
---------------------------+-------+-------+-------++-------
  Melee: Dagger            |   111 |     5 |       ||   116
         Punch             |     1 |     4 |    13 ||    18
         Rapier            |       |   221 |   624 ||   845
  Throw: Dart              |       |     3 |    12 ||    15
    Use: Scroll            |       |     4 |     2 ||     6
         Potion            |       |       |     4 ||     4
   Stab: Sleeping          |    13 |    12 |    10 ||    35
         Distracted        |       |     1 |     1 ||     2
 Armour: Robe              |    26 |    61 |   184 ||   271
         Animal skin       |       |       |    25 ||    25
  Dodge: Dodged            |    77 |   147 |   565 ||   789

Table legend: (Time is in decaauts)
 A = Elapsed time spent in this place.
 B = Non-inter-level travel time spent in this place.
 C = Inter-level travel time spent in this place.
 D = Time resting spent in this place.
 E = Time spent auto-exploring this place.
 F = Levels seen in this place.
 G = Mean time per level.
                   A        B        C        D        E       F      G
               +--------+--------+--------+--------+--------+-----+--------+
         Total |   7046 |   6579 |    467 |   2403 |   2526 |   9 |  782.9 |
       Dungeon |   7036 |   6576 |    460 |   2403 |   2526 |   8 |  879.5 |
        Temple |     10 |      3 |      7 |      0 |      0 |   1 |   10.0 |
               +--------+--------+--------+--------+--------+-----+--------+

Top non-repeatable levels by time:
     D:7: 1796 daAuts
     D:5: 1317 daAuts
     D:4: 1019 daAuts
     D:8: 650 daAuts
     D:6: 639 daAuts
     D:3: 616 daAuts
     D:1: 532 daAuts
     D:2: 464 daAuts
  Temple: 10 daAuts
